 Dungeon Crawl Stone Soup version 0.21-a0-8-gcf94df6 (webtiles) character file.

4631 Minion the Nimble (level 10, -2/82 HPs)
             Began as a Gnoll Wanderer on May 23, 2017.
             Was the Champion of Jiyva.
             Slain by jotwebe's ghost (16 damage)
             ... on level 1 of the Lair of Beasts.
             The game lasted 00:23:24 (8444 turns).

Minion the Nimble (Gnoll Wanderer)                  Turns: 8444, Time: 00:23:25

Health: -2/82      AC: 19    Str: 21    XL:     10   Next: 43%
Magic:  14/14      EV: 12    Int:  7    God:    Jiyva [******]
Gold:   273        SH:  0    Dex: 13    Spells: 9/9 levels left

rFire    . . .     SeeInvis .   v - +4 scimitar (flame)
rCold    . . .     Gourm    +   (no shield)
rNeg     . . .     Faith    .   t - +2 chain mail {rPois}
rPois    +         Spirit   .   j - +0 helmet
rElec    .         Reflect  .   (no cloak)
rCorr    +         Harm     .   (no gloves)
MR       .....                  y - +0 pair of boots
Stlth    ..........             n - amulet of the gourmand
Regen    0.3/turn               u - +6 ring of slaying
MPRegen  0.2/turn               (no ring)

@: no status effects
A: short attention span, fangs 1, molten scales 1, rugged brown scales 1,
evolution 1, strong nose
a: Request Jelly, Slimify, Cure Bad Mutation, Renounce Religion


You were on level 1 of the Lair of Beasts.
You worshipped Jiyva.
Jiyva was exalted by your worship.
You were completely stuffed.

You visited 2 branches of the dungeon, and saw 10 of its levels.

You collected 333 gold pieces.
You spent 60 gold pieces at shops.

Inventory:

Hand Weapons
 b - a +1 hand axe
 v - a +4 scimitar of flaming (weapon)
Armour
 j - a +0 helmet (worn)
 t - a +2 chain mail of poison resistance (worn)
 y - a +0 pair of boots (worn)
Jewellery
 n - an amulet of the gourmand (around neck)
 u - a +6 ring of slaying (left hand)
Wands
 c - a wand of random effects (24/48)
 f - a wand of enslavement (8/24)
Scrolls
 e - 4 scrolls of identify
 g - a scroll of enchant weapon
 i - 4 scrolls of remove curse
 k - 2 scrolls of enchant armour {unknown}
 w - a scroll of random uselessness {unknown}
 x - 2 scrolls of recharging {unknown}
 z - a scroll of blinking {unknown}
 B - a scroll of teleportation {unknown}
Potions
 a - a potion of ambrosia {unknown}
 h - a potion of degeneration
 l - 3 potions of agility
 p - a potion of flight {unknown}
 A - a potion of mutation {unknown}
Books
 q - a book of Callings

   Spells                             Type                      Level
   a - Summon Small Mammal            Summoning                    1
   b - Call Imp                       Summoning                    2
   c - Call Canine Familiar           Summoning                    3
   d - Summon Guardian Golem          Hexes/Summoning              3
   e - Summon Lightning Spire         Summoning/Air                4
   f - Summon Ice Beast               Ice/Summoning                4
Comestibles
 d - 4 bread rations
 o - 2 meat rations
 r - 2 royal jellies
 s - 4 fruits


   Skills:
 - Level 8.2 Fighting
 + Level 7.3 Long Blades
 - Level 8.1 Axes
 + Level 9.3 Armour
 + Level 9.4 Dodging
 - Level 1.5 Stealth
 - Level 6.3 Evocations


You had 9 spell levels left.
You didn't know any spells.

Dungeon Overview and Level Annotations

Branches:
Dungeon (9/15)             Temple (0/1) D:4            Lair (1/6) D:8
    Orc: D:9-12

Altars:
Ashenzari
Cheibriados
Dithmenos
Elyvilon
Gozag
Hepliaklqana
Makhleb
Nemelex Xobeh
Qazlal
Sif Muna
Uskayaw
Xom
Yredelemnul
Jiyva

Shops:
D:5 !*(((   D:6 }=[   D:7 %

Annotations:
Lair:1 exclusion: electric eel, jotwebe's ghost, novice HOAK


Innate Abilities, Weirdness & Mutations

You have a short attention span.
You have very sharp teeth.
Your uncanny sense of smell can sniff out nearby items.
You are partially covered in molten scales. (AC +2)
You are partially covered in rugged brown scales. (AC +1, +3% HP)
You evolve.


Message History

Jotwebe's ghost is almost destroyed.
Jotwebe's ghost hits you.
* * * LOW HITPOINT WARNING * * *
You hit jotwebe's ghost but do no damage.
Jotwebe's ghost is almost destroyed.
Jotwebe's ghost hits you but does no damage.
You hit jotwebe's ghost. You burn jotwebe's ghost.
Jotwebe's ghost is almost destroyed.
Jotwebe's ghost hits you!
* * * LOW HITPOINT WARNING * * *
Jotwebe's ghost proudly claims, "A renegade god deserves renegade ghosts."
Jotwebe's ghost hits you but does no damage.
All of the chunks of flesh in your inventory have rotted away.
Your slime is starting to congeal.
Jotwebe's ghost whispers, "The ORB doesn't exist."
You feel less slimy.
Jotwebe's ghost wails, "What do you have that I didn't have?"
There is a staircase back to the Dungeon here.
Jotwebe's ghost hits you!
You die...

.................##.#.# #......
>......8......>.8##...#####......
...#.............##.....##.......
8.##.#.#.#....8†##...............
#####......###.##...#............
.....##....#.##....###...........
....#.....#.###....##..........##
...........## #.W.............##
......J....# ##@....J........#
.......8.#.# #..............###
........J..# .................#
...........# ...................
....#.....## #...................
...J.#.#.## #P.................#
...##....# #P................##
......#### #.................#
....### .........P


You could see jotwebe's ghost and a neutral jelly (fellow slime).

Vanquished Creatures
  Erica (D:8)
  2 spiny frogs (Lair:1)
  A komodo dragon (Lair:1)
  2 hippogriffs
  A water moccasin (D:6)
  A sky beast (D:6)
  A black bear (D:3)
  An orc warrior (D:9)
  3 phantoms
  2 ogres (D:4)
  2 centaurs (D:8)
  3 wolves (Lair:1)
  3 crocodiles (Lair:1)
  A bullfrog (Lair:1)
  A wyvern zombie (D:4)
  2 scorpions
  2 wights (D:6)
  3 killer bees (D:8)
  A hound (D:6)
  2 centaur skeletons (D:8)
  2 orc priests
  4 orc wizards
  2 iguanas
  6 worker ants
  A hound zombie (D:6)
  5 adders
  4 worms
  2 leopard geckos
  18 orcs
  2 ball pythons
  4 bats
  A giant cockroach (D:3)
  7 goblins
  3 hobgoblins
  2 jackals (D:7)
  3 quokkas
  5 frilled lizards
  6 kobolds
  2 leopard gecko zombies (D:7)
  A quokka skeleton (D:6)
  5 rats
120 creatures vanquished.

Vanquished Creatures (collateral kills)
  2 komodo dragons (Lair:1)
  A porcupine (Lair:1)
3 creatures vanquished.

Vanquished Creatures (others)
  Grinder (D:6)
  A basilisk (Lair:1)
  A hungry ghost (D:8)
  A phantom (D:4)
  An ogre (D:6)
  A crocodile (Lair:1)
  A bullfrog (Lair:1)
  2 scorpions
  A wight (D:6)
  An electric eel (Lair:1)
  2 howler monkeys
  A centaur zombie (D:5)
  22 jellies
  2 orc priests (D:8)
  3 hounds
  4 orc wizards
  Ijyb (D:3)
  3 worker ants (D:8)
  A worker ant zombie (D:6)
  3 adders
  3 gnolls (D:6)
  An ooze (D:6)
  A dart slug (D:3)
  2 worms
  A leopard gecko (D:5)
  10 orcs
  2 ball pythons (D:4)
  2 bats
  3 giant cockroaches
  3 goblins
  8 jackals
  A quokka (D:2)
  A frilled lizard (D:2)
  A jackal skeleton (D:4)
  A kobold (D:2)
  A rat (D:2)
  4 fungi
  2 plants (Lair:1)
100 creatures vanquished.

Grand Total: 223 creatures vanquished

Notes
Turn   | Place    | Note
-------+----------+-------------------------------------------
     0 | D:1      | Minion the Gnoll Wanderer began the quest for the Orb.
     0 | D:1      | Minion set off with: a +2 scale mail, a +0 hand axe, a potion of lignification, a bread ration
     0 | D:1      | Reached XP level 1. HP: 18/18 MP: 2/2
   231 | D:1      | Reached XP level 2. HP: 21/24 MP: 3/3
   610 | D:2      | Found a faded altar of an unknown god.
   623 | D:2      | Reached XP level 3. HP: 29/29 MP: 4/4
   625 | D:2      | Became a worshipper of Jiyva Jaghien the Shapeless
   625 | D:2      | Reached * piety under Jiyva
   821 | D:2      | Reached ** piety under Jiyva
  1591 | D:3      | Reached *** piety under Jiyva
  1611 | D:3      | Noticed a black bear
  1620 | D:3      | Killed a black bear
  1620 | D:3      | Reached skill level 5 in Axes
  1620 | D:3      | Reached XP level 4. HP: 26/38 MP: 5/5
  1620 | D:3      | Reached XP level 5. HP: 29/43 MP: 6/6
  1670 | D:3      | Killed Ijyb
  1680 | D:3      | Reached **** piety under Jiyva
  1680 | D:3      | Gained mutation: You evolve. [Jiyva's grace]
  1823 | D:3      | Found a shimmering altar of Xom.
  2254 | D:4      | Found a staircase to the Ecumenical Temple.
  2521 | D:4      | Reached skill level 5 in Fighting
  2703 | D:4      | Gained mutation: You are dopey. (Int -2) [Jiyva's grace]
  2780 | D:4      | Found a white marble altar of Elyvilon.
  2780 | D:4      | Found a basalt altar of Yredelemnul.
  2780 | D:4      | Found a snail-covered altar of Cheibriados.
  2788 | D:4      | Noticed an ogre
  2994 | D:4      | Killed an ogre
  2994 | D:4      | Reached XP level 6. HP: 20/52 MP: 7/7
  3522 | D:4      | Gained mutation: You are partially covered in molten scales. (AC +2) [evolution]
  3533 | D:4      | Reached skill level 5 in Dodging
  3533 | D:4      | Reached XP level 7. HP: 35/59 MP: 8/8
  4043 | D:4      | Reached ***** piety under Jiyva
  4335 | D:5      | Entered Level 5 of the Dungeon
  4357 | D:5      | Found a hazy altar of Hepliaklqana.
  4400 | D:5      | Found Kuebleepn's Antique Weapon Emporium.
  4525 | D:5      | Found Ozalen's Assorted Antiques.
  4540 | D:5      | Found Ykadgh's Weapon Shoppe.
  4580 | D:5      | Lost mutation: You are dopey. (Int -2) [Jiyva's grace]
  4622 | D:5      | Found Efoamom's Distillery.
  4629 | D:5      | Bought a potion of heal wounds for 60 gold pieces
  4725 | D:5      | Found Mimih's Antique Weapon Shoppe.
  4852 | D:5      | Found a shattered altar of Ashenzari.
  4890 | D:5      | Found a stormy altar of Qazlal.
  5109 | D:6      | Reached XP level 8. HP: 49/67 MP: 10/10
  5143 | D:6      | Gained mutation: You have a small jelly attached to you that may absorb incoming projectiles. [Jiyva's grace]
  5206 | D:6      | Noticed a death ooze
  5206 | D:6      | a wight changed into a death ooze
  5512 | D:6      | Killed Grinder
  5538 | D:6      | Lost mutation: You have a small jelly attached to you that may absorb incoming projectiles. [Jiyva's grace]
  5617 | D:6      | Found Inluneo's Armour Emporium.
  5696 | D:6      | Found Teul's Jewellery Shoppe.
  5769 | D:6      | Found Xetil's Gadget Boutique.
  6004 | D:7      | Found Poluh's Food Shop.
  6205 | D:7      | Found a shadowy altar of Dithmenos.
  6205 | D:7      | Found a sparkling altar of Nemelex Xobeh.
  6206 | D:7      | Found a burning altar of Makhleb.
  6290 | D:7      | Reached skill level 5 in Evocations
  6366 | D:7      | Noticed a hippogriff
  6391 | D:7      | Killed a hippogriff
  6497 | D:7      | Gained mutation: You have sharp toenails. [Jiyva's grace]
  6761 | D:7      | Found a hide-covered altar of Uskayaw.
  6778 | D:7      | Found a deep blue altar of Sif Muna.
  6924 | D:8      | Noticed Erica
  6929 | D:8      | Gained mutation: You have acidic saliva. [Jiyva's grace]
  6946 | D:8      | Reached ****** piety under Jiyva
  6948 | D:8      | Killed Erica
  6948 | D:8      | Reached XP level 9. HP: 70/74 MP: 13/13
  7027 | D:8      | Reached skill level 1 in Long Blades
  7050 | D:8      | Lost mutation: You have acidic saliva. [Jiyva's grace]
  7152 | D:8      | Found a staircase to the Lair.
  7247 | D:8      | Found an opulent altar of Gozag.
  7415 | Lair:1   | Entered Level 1 of the Lair of Beasts
  7480 | Lair:1   | Lost mutation: You have sharp toenails. [Jiyva's grace]
  7499 | Lair:1   | Reached skill level 5 in Long Blades
  7613 | Lair:1   | Noticed a spiny frog
  7618 | Lair:1   | Killed a spiny frog
  7618 | Lair:1   | Reached XP level 10. HP: 76/80 MP: 14/14
  7674 | Lair:1   | Noticed a spiny frog
  7677 | Lair:1   | Killed a spiny frog
  7722 | Lair:1   | Gained mutation: You are partially covered in rugged brown scales. (AC +1, +3% HP) [Jiyva's grace]
  7810 | Lair:1   | Noticed jotwebe's ghost (novice HOAK)
  8400 | Lair:1   | HP: 3/82 [jotwebe's ghost (11)]
  8444 | Lair:1   | Slain by jotwebe's ghost

Vault maps used:
D:1:      dpeg_arrival_radiant
D:2:      chequers_ecumenical_altar_simple_redux
D:3:      xom_teletrap_fun, uniq_ijyb
D:4:      gammafunk_temple_overflow_forgotten, temple_statues, first_bread,
          kennysheep_generic_room_3
D:5:      old_standard_altar, overflow_temple_1_default, marbit_many_paths,
          serial_shops, shop_statue, nicolae_shop_window_shopping, shop, shop,
          shop_statue, hex_large
D:6:      serial_shops, nicolae_shop_waterfront, nicolae_shop_statue_plus, shop,
          hangedman_decor_points, uniq_grinder
D:7:      lemuel_blue_sif_altar, nicolae_overflow_hidden_temple,
          gammafunk_temple_overflow_claw, serial_shops, shop, kb_rosetta
D:8:      nicolae_overflow_crystal_walls, dpeg_oklobed_lair, uniq_erica
D:9:      hiddenorc1_lemuel
Lair:1:   hibernation_bobbens, grunt_megastairs_1, serial_bayou_shore_a,
          serial_bayou_shore_b

Skill      XL: |  1  2  3  4  5  6  7  8  9 10 |
---------------+-------------------------------+-----
Axes           | 3 4 5 6 7 8 |  8.1
Fighting       | 4 5 6 7 8 |  8.2
Dodging        | 2 4 5 6 8 9 |  9.4
Evocations     | 3 6 |  6.3
Armour         | 8 9 |  9.3
Long Blades    | 5 7 |  7.3
Stealth        | |  1.5

Action                   |  1- 3 |  4- 6 |  7- 9 | 10-12 || total
-------------------------+-------+-------+-------+-------++-------
Melee: Hand axe          |   108 |   134 |   426 |       ||   668
       Bite              |     6 |    10 |    47 |     7 ||    70
       Kick              |       |       |    24 |       ||    24
       Scimitar          |       |       |    18 |    45 ||    63
Invok: Slimify           |       |       |     2 |     1 ||     3
  Use: Potion            |       |     1 |     2 |       ||     3
       Scroll            |       |       |     9 |       ||     9
  Eat: Bread ration      |     1 |       |       |       ||     1
       Chunk             |       |       |     1 |     1 ||     2
Armor: Scale mail        |    57 |    48 |   109 |       ||   214
       Skin              |       |     3 |       |       ||     3
       Chain mail        |       |       |    90 |    15 ||   105
Dodge: Dodged            |    47 |    80 |   200 |    16 ||   343
       Rpst.: Scimitar   |       |       |     3 |     6 ||     9
